 Dungeon Crawl Stone Soup version 0.21.0-25-ge575cb9ce8 (webtiles) character file.

4611 MalkierKing the Cleaver (level 10, -1/86 HPs)
             Began as a Minotaur Fighter on Jan 26, 2018.
             Slain by a seven-headed hydra (13 damage)
             ... on level 6 of the Dungeon.
             The game lasted 00:22:04 (5963 turns).

MalkierKing the Cleaver (Minotaur Fighter)          Turns: 5963, Time: 00:22:05

Health: -1/86      AC: 12    Str: 24    XL:     10   Next: 19%
Magic:  9/9        EV: 11    Int:  7    God:
Gold:   404        SH: 12    Dex: 10    Spells: 9/9 levels left

rFire    . . .     SeeInvis .   a - +0 war axe
rCold    + . .     Gourm    .   c - +0 shield
rNeg     . . .     Faith    .   J - +2 ring mail of Entitlement {rElec}
rPois    .         Spirit   .   (helmet restricted)
rElec    +         Reflect  .   u - +1 cloak
rCorr    .         Harm     +   h - +0 pair of gloves
MR       .....                  (no boots)
Stlth    ..........             A - amulet of harm
HPRegen  0.24/turn              H - ring of protection from cold
MPRegen  0.11/turn              m - +2 ring of intelligence

@: about to teleport, very slow
A: retaliatory headbutt, horns 2
a: no special abilities


You were on level 6 of the Dungeon.
You were not hungry.

You visited 1 branch of the dungeon, and saw 7 of its levels.
You also visited: Sewer.

You collected 404 gold pieces.

Inventory:

Hand Weapons
 a - a +0 war axe (weapon)
Armour
 c - a +0 shield (worn)
 h - a +0 pair of gloves (worn)
 u - a +1 cloak (worn)
 J - the +2 ring mail of Entitlement (worn) {rElec}
   (You took it off an orc on level 6 of the Dungeon)

   It insulates you from electricity.
Jewellery
 m - a +2 ring of intelligence (right hand)
 A - an amulet of harm (around neck)
 H - a ring of protection from cold (left hand)
Wands
 E - a wand of paralysis (7)
 G - a wand of polymorph (15)
Scrolls
 b - a scroll of blinking {unknown}
 e - a scroll of enchant armour {unknown}
 g - 6 scrolls of teleportation
 i - 2 scrolls of noise
 k - 3 scrolls of identify {unknown}
 o - 3 scrolls of amnesia {unknown}
 p - a scroll of fog {unknown}
 v - 6 scrolls of remove curse
 D - 3 scrolls of fear {unknown}
Potions
 d - a potion of might
 j - 2 potions of heal wounds
 l - 3 potions of brilliance
 n - 2 potions of flight {unknown}
 q - a potion of ambrosia {unknown}
 r - 2 potions of lignification
 s - 2 potions of agility {unknown}
 t - 5 potions of curing
 x - a potion of cancellation {unknown}
 z - a potion of degeneration {unknown}
 B - a potion of invisibility {unknown}
 F - 2 potions of mutation {unknown}
Books
 I - a book of Air

   Spells                             Type                      Level
   a - Shock                          Conjuration/Air              1
   b - Swiftness                      Charms/Air                   2
   c - Static Discharge               Conjuration/Air              3
   d - Airstrike                      Air                          4
   e - Lightning Bolt                 Conjuration/Air              5
Comestibles
 f - 13 rations
 w - 2 chunks of flesh


   Skills:
 + Level 7.5 Fighting
 + Level 11.0 Axes
 + Level 9.0 Armour
 + Level 3.5 Dodging
 + Level 9.3 Shields


You had 9 spell levels left.
You didn't know any spells.

Dungeon Overview and Level Annotations

Branches:
Dungeon (7/15)
 Temple: D:4-7

Altars:
Fedhas
Qazlal

Annotations:
D:6 exclusion: oklob plant


Innate Abilities, Weirdness & Mutations

You reflexively headbutt those who attack you in melee.
You have a pair of horns on your head.


Message History

You block the seven-headed hydra's attack. x2
The seven-headed hydra bites you.
* * * LOW HITPOINT WARNING * * *
The seven-headed hydra closely misses you.
You block the seven-headed hydra's attack.
The seven-headed hydra bites you.
* * * LOW HITPOINT WARNING * * *
The seven-headed hydra barely misses you.
As you read the scroll of teleportation, it crumbles to dust.
You feel strangely unstable.
You block the seven-headed hydra's attack.
The seven-headed hydra bites you but does no damage.
The seven-headed hydra barely misses you.
The seven-headed hydra bites you.
* * * LOW HITPOINT WARNING * * *
The seven-headed hydra bites you but does no damage.
The seven-headed hydra closely misses you.
The seven-headed hydra barely misses you.
The seven-headed hydra bites you!
You die...

#####......##≈.≈÷≈≈≈##
###....#.#######≈#
#.....#≈#≈.≈≈##≈#
#.....#≈#≈###.#≈#
#...=.#≈#≈#.≈##÷#
###...#≈#.#####.#
#...#.##≈≈≈≈≈####
##(##≈########..#
#.###≈≈≈@D≈≈.#.#
####(############.#
#....##..# #..#
#.######.# ##.## #.#
#.######..# #.#
#........## #.#
######.### #.# #.# #.#
#.#


You could see a seven-headed hydra.

Vanquished Creatures
  2 two-headed ogres
  The ghost of MalkierKing the Chopper, a novice MiFi of Makhleb (D:6)
  A hippogriff (D:6)
  Sigmund (D:6)
  A water moccasin (D:7)
  Duvessa (D:5)
  Purgy (Sewer)
  2 sky beasts (D:5)
  A phantom (D:7)
  A centaur (D:5)
  3 bullfrogs
  A gnoll sergeant (D:6)
  A water moccasin zombie (D:7)
  Dowan (D:5)
  2 scorpions
  A killer bee (D:4)
  5 wights
  A howler monkey (D:5)
  3 crimson imps
  2 jellies
  8 hounds
  2 orc priests (D:7)
  4 orc wizards
  8 worker ants
  3 iguanas
  Natasha (D:2)
  A worker ant zombie (D:5)
  8 gnolls
  10 adders
  A river rat (D:6)
  2 shadow imps
  2 adder zombies (D:3)
  A worm (D:3)
  A dart slug (D:5)
  2 leopard geckos
  17 orcs
  5 giant cockroaches
  10 goblins
  5 hobgoblins
  6 jackals
  A quokka (D:4)
  6 bats
  7 frilled lizards
  10 kobolds
  A leopard gecko zombie (D:6)
  3 quokka skeletons
  9 rats
  A fungus (D:6)
167 creatures vanquished.

Vanquished Creatures (others)
  A plant (D:6)
1 creature vanquished.

Grand Total: 168 creatures vanquished

Notes
Turn   | Place    | Note
-------+----------+-------------------------------------------
     0 | D:1      | MalkierKing the Minotaur Fighter began the quest for the Orb.
     0 | D:1      | Reached XP level 1. HP: 19/19 MP: 0/0
   129 | D:1      | Reached XP level 2. HP: 27/27 MP: 1/1
   745 | D:2      | Reached skill level 3 in Axes
   891 | D:2      | Reached XP level 3. HP: 29/33 MP: 2/2
  1029 | D:2      | Noticed Natasha
  1033 | D:2      | Killed Natasha
  1340 | D:3      | Reached XP level 4. HP: 34/40 MP: 3/3
  1631 | D:3      | Reached skill level 4 in Axes
  1679 | D:3      | Reached XP level 5. HP: 43/47 MP: 4/4
  2233 | D:4      | Reached skill level 1 in Dodging
  2233 | D:4      | Reached skill level 5 in Shields
  2346 | D:4      | Reached skill level 5 in Axes
  2346 | D:4      | Reached XP level 6. HP: 50/53 MP: 5/5
  2634 | D:5      | Entered Level 5 of the Dungeon
  2683 | D:5      | Reached skill level 5 in Armour
  2748 | D:5      | Reached XP level 7. HP: 60/60 MP: 6/6
  2757 | D:5      | Reached skill level 5 in Fighting
  2757 | D:5      | Reached skill level 6 in Axes
  3281 | D:5      | Reached skill level 7 in Axes
  3281 | D:5      | Reached XP level 8. HP: 49/68 MP: 7/7
  3713 | D:5      | Found a stormy altar of Qazlal.
  3817 | D:5      | Noticed Dowan
  3818 | D:5      | Noticed Duvessa
  3831 | D:5      | Killed Dowan
  3835 | D:5      | Killed Duvessa
  3892 | D:6      | Reached skill level 8 in Axes
  4079 | D:6      | Noticed a hippogriff
  4088 | D:6      | Killed a hippogriff
  4171 | D:6      | Found a glowing drain.
  4175 | Sewer    | Entered a sewer
  4304 | Sewer    | Noticed Purgy
  4319 | Sewer    | Killed Purgy
  4319 | Sewer    | Reached XP level 9. HP: 69/75 MP: 8/8
  4442 | D:6      | Noticed Sigmund
  4449 | D:6      | Killed Sigmund
  4449 | D:6      | Reached skill level 9 in Axes
  4652 | D:6      | Found a blossoming altar of Fedhas.
  4666 | D:6      | Noticed MalkierKing's ghost (novice MiFi)
  4702 | D:6      | Killed MalkierKing's ghost
  5299 | D:7      | Noticed a two-headed ogre
  5304 | D:7      | Killed a two-headed ogre
  5304 | D:7      | Reached skill level 10 in Axes
  5309 | D:7      | Noticed a two-headed ogre
  5315 | D:7      | Noticed a seven-headed hydra
  5383 | D:6      | Killed a two-headed ogre
  5383 | D:6      | Reached XP level 10. HP: 52/86 MP: 9/9
  5438 | D:6      | Got a polished ring mail
  5449 | D:6      | Identified the +2 ring mail of Entitlement {rElec} (You took it off an orc on level 6 of the Dungeon)
  5599 | D:6      | Noticed an oklob plant
  5826 | D:7      | Reached skill level 11 in Axes
  5963 | D:6      | Slain by a seven-headed hydra

Skill      XL: |  1  2  3  4  5  6  7  8  9 10 |
---------------+-------------------------------+-----
Fighting       | 4 5 6 7 |  7.5
Shields        | 4 5 6 7 9 |  9.3
Axes           | 3 4 5 7 8 10 11 | 11.0
Armour         | 4 5 7 8 9 |  9.0
Dodging        | 1 2 3 |  3.5

Action                   |  1- 3 |  4- 6 |  7- 9 | 10-12 || total
-------------------------+-------+-------+-------+-------++-------
Melee: War axe           |    68 |   127 |   257 |    49 ||   501
       Headbutt          |     7 |    19 |    36 |     5 ||    67
Evoke: Wand              |       |       |       |     1 ||     1
  Use: Scroll            |       |     3 |       |     1 ||     4
       Potion            |       |       |     4 |     1 ||     5
  Eat: Chunk             |     1 |     5 |     9 |     2 ||    17
Armor: Scale mail        |    33 |    55 |       |       ||    88
       Chain mail        |       |    36 |   124 |       ||   160
       Skin              |       |       |    12 |       ||    12
       Ring mail         |       |       |       |    26 ||    26
Dodge: Dodged            |    27 |    30 |    90 |    44 ||   191
Block: Shield            |    43 |    76 |   186 |    47 ||   352
